 Dungeon Crawl Stone Soup version 0.30-a0-4-ga7cffc901d (webtiles) character file.

Game seed: 11183798129219511980

1137 drpainis the Thaumaturge (level 8, -5/38 HPs)
             Began as a Deep Elf Summoner on Aug 20, 2022.
             Was a Follower of Hepliaklqana.
             Killed from afar by an orc wizard (7 damage)
             ... with a puff of flame
             ... on level 6 of the Dungeon.
             The game lasted 00:12:52 (10642 turns).

drpainis the Thaumaturge (Deep Elf Summoner)       Turns: 10642, Time: 00:12:53

Health: -5/38      AC:  5    Str:  5    XL:     8   Next: 14%
Magic:  22/22      EV: 13    Int: 23    God:    Hepliaklqana [*.....]
Gold:   119        SH:  0    Dex: 15    Spells: 11/24 levels left

rFire   . . .      SeeInvis .    g - +1 dagger (venom)
rCold   + + .      Faith    .    (no shield)
rNeg    . . .      Spirit   .    z - +2 robe {Archmagi}
rPois   .          Reflect  .    (no helmet)
rElec   .          Harm     .    l - +0 cloak
rCorr   +          Rampage  .    (no gloves)
Will    +....      Archmagi +    (no boots)
Stlth   +++.......               i - amulet of regeneration
HPRegen 0.92/turn                e - ring of resist corrosion
MPRegen 0.18/turn                y - ring of Moderation {rC++ Will+}

@: no status effects
A: reduced essence
a: Renounce Religion, Recall Ancestor, Ancestor Identity


You were on level 6 of the Dungeon.
You worshipped Hepliaklqana.
Hepliaklqana was aware of your devotion.
You visited 2 branches of the dungeon, and saw 7 of its levels.

You collected 249 gold pieces.
You spent 130 gold pieces at shops.

Inventory:

Hand Weapons
 g - a +1 dagger of venom (weapon)
 A - a +1 dagger of venom
 B - a +1 dagger of speed
Armour
 a - a +0 robe
 l - a +0 cloak (worn)
 z - a +2 robe of the Archmagi (worn)
Magical Staves
 u - a staff of conjuration
Jewellery
 e - a ring of resist corrosion (left hand)
 i - an amulet of regeneration (around neck)
 y - the ring of Moderation (right hand) {rC++ Will+}
   (You bought it in a shop on level 2 of the Dungeon)

   [ring of willpower]

   rC:        It greatly protects you from cold.
   Will:      It increases your willpower.
 E - a ring of ice
Wands
 k - a wand of paralysis (4)
 C - a wand of iceblast (9)
Scrolls
 d - 3 scrolls of noise
 f - 3 scrolls of immolation
 h - a scroll of poison {unknown}
 j - a scroll of torment {unknown}
 m - 2 scrolls of teleportation
 o - 2 scrolls of blinking {unknown}
 p - 2 scrolls of identify {unknown}
 v - a scroll of fear {unknown}
 x - a scroll of vulnerability {unknown}
 D - a scroll of amnesia {unknown}
Potions
 c - 5 potions of curing {unknown}
 n - a potion of degeneration {unknown}
 q - 2 potions of flight {unknown}
 r - 2 potions of resistance {unknown}
 s - 2 potions of lignification {unknown}
 t - a potion of mutation {unknown}
 w - 3 potions of might {unknown}
 F - a potion of attraction {unknown}
 G - a potion of haste {unknown}


   Skills:
 + Level 1.3 Fighting
 + Level 1.2 Short Blades
 + Level 3.0 Dodging
 + Level 4.2 Stealth
 + Level 8.6 Spellcasting
 + Level 2.7 Hexes
 + Level 7.6 Summonings
 + Level 0.4 Air Magic


You had 11 spell levels left.
You knew the following spells:

 Your Spells              Type           Power      Damage    Failure   Level
a - Summon Small Mammal   Summ           100%       N/A       1%          1
b - Call Imp              Summ           61%        N/A       1%          2
c - Call Canine Familiar  Summ           61%        N/A       1%          3
d - Summon Guardian Gole  Hex/Summ       50%        N/A       2%          3
e - Summon Lightning Spi  Summ/Air       42%        N/A       12%         4

Your spell library contained the following spells:

 Spells                   Type           Power      Damage    Failure   Level
 Mephitic Cloud           Conj/Pois/Air  15%        N/A       19%         3
 Conjure Flame            Conj/Fire      14%        6-21      21%         3
 Ignite Poison            Fire/Tmut/Pois 14%        N/A       21%         3
 Corpse Rot               Necr/Pois/Air  15%        N/A       52%         4
 Dispel Undead            Necr           14%        3d10      54%         4
 Sticky Flame             Conj/Fire      14%        2d4       54%         4
 Freezing Cloud           Conj/Ice/Air   7%         6-21      86%         5
 Death Channel            Necr           7%         N/A       100%        6


Dungeon Overview and Level Annotations

Branches:
Dungeon (6/15)             Temple (1/1) D:5

Altars:
Ashenzari
Cheibriados
Dithmenos
Elyvilon
Gozag
Hepliaklqana
Kikubaaqudgha
Makhleb
Nemelex Xobeh
Okawaru
Sif Muna
Trog
Uskayaw
Xom
Yredelemnul
The Shining One

Shops:
D:2 *

Annotations:
D:2 Sigmund
D:5 2 transporters, Spectrina's ghost, novice DjVM


Message History

Something hits your quokka.
Your quokka dies!
Your quokka's corpse disappears in a puff of smoke!
What are your orders? t - Shout!
Orders for allies: a - Attack new target. r - Retreat! s - Stop attacking. g - Guard the area. f - Follow me.
Anything else - Cancel.
Gang up on whom?
Press: ? - help, Dir - move target, f - orc priest
Aim: an orc priest, wielding a +0 hand axe and wearing a +0 scale mail (lightly wounded, ally target) Attack!
Something hits you! Something barely misses your wolf.
Your white imp misses the orc.
Your bat hits the orc priest but does no damage.
The orc priest barely misses your wolf.
The orc priest hits your bat with a +0 hand axe.
Your bat dies!
Your bat's corpse disappears in a puff of smoke!
The orc priest hits your white imp with a +0 hand axe.
Something hits you!
Your wolf bites the orc priest.
Something hits you!
* * * LOW HITPOINT WARNING * * *
Your white imp hits the orc priest.
Your white imp freezes the orc priest.
Chad hits the orc.
The orc priest hits your wolf but does no damage.
The orc priest hits your white imp with a +0 hand axe.
Something hits you.
* * * LOW HITPOINT WARNING * * *
Something hits you.
* * * LOW HITPOINT WARNING * * *
Unknown command.
Something misses your wolf.
Your wolf barely misses something.
Something hits your wolf!
Chad closely misses the orc wizard.
Magic courses through your body. Something hits you but does no damage.
Something barely misses Chad.
Something hits you.
* * * LOW HITPOINT WARNING * * *
The orc wizard casts a spell at you. The puff of flame hits you!
You die...

#≈.#.≈.#...#.≈.#..........#
#≈.#.≈.##._#.≈.#..........#
#≈.#.≈...###.≈.#.#........##
#≈.#.≈≈≈≈....≈.#.#######'#..
#≈.#.....≈≈≈≈≈.#............
#≈.######R.....#............
#≈.......#######............
#≈≈≈≈≈≈≈≈...................
##.#.......@h#.......##....#
...#####.....#.......##....#
.....# #.....#h.............
......#
#.....oo9............
......#
#.....#R5............ ......
#.....#..............
.......#..)....##.....
........#.......##.....
........#.......##.....


You could see the friendly Chad the ancestor (sheltered), an orc wizard and a
friendly wolf (summoned, sheltered).

Vanquished Creatures
  2 orcs (D:3)
  An endoplasm (D:4)
  A giant cockroach (D:3)
  A goblin (D:1)
  A hobgoblin (D:3)
  A quokka (D:3)
  2 ball pythons
9 creatures vanquished.

Vanquished Creatures (collateral kills)
  A nameless horror (D:5)
  A water moccasin (D:6)
  Edmund (D:5)
  An ice beast (D:6)
  A black bear (D:5)
  2 ogres
  A necrophage (D:5)
  2 wights (D:5)
  A hound (D:5)
  An iron imp (D:6)
  Ijyb (D:5)
  2 orc wizards (D:5)
  9 adders
  A worm (D:3)
  2 dart slugs (D:3)
  6 orcs
  6 ball pythons
  3 bats
  11 endoplasms
  4 giant cockroaches
  5 hobgoblins
  2 jackals (D:1)
  2 quokkas (D:4)
  3 frilled lizards
  3 goblins
  9 kobolds
  2 rats
83 creatures vanquished.

Vanquished Creatures (others)
  2 wights (D:5)
2 creatures vanquished.

Grand Total: 94 creatures vanquished

Notes
Turn   | Place    | Note
-------+----------+-------------------------------------------
     0 | D:1      | drpainis the Deep Elf Summoner began the quest for the Orb.
     0 | D:1      | Reached XP level 1. HP: 10/10 MP: 6/6
   125 | D:1      | Reached XP level 2. HP: 8/15 MP: 5/8
   377 | D:1      | Learned a level 2 spell: Call Imp
   400 | D:1      | Reached skill level 5 in Summonings
   605 | D:1      | Found a faded altar of an unknown god.
  1049 | D:1      | Reached XP level 3. HP: 19/19 MP: 10/10
  1059 | D:1      | Learned a level 3 spell: Call Canine Familiar
  2454 | D:2      | Found Vitituar's Assorted Antiques.
  2470 | D:2      | Reached skill level 4 in Spellcasting
  2815 | D:2      | Found an iron altar of Okawaru.
  2895 | D:2      | Noticed Sigmund
  3624 | D:2      | Reached XP level 4. HP: 22/24 MP: 7/12
  3665 | D:2      | Learned a level 3 spell: Summon Guardian Golem
  5777 | D:4      | Noticed an ogre
  5811 | D:4      | Killed an ogre
  5812 | D:4      | Reached skill level 1 in Short Blades
  5812 | D:4      | Reached skill level 5 in Spellcasting
  5812 | D:4      | Reached XP level 5. HP: 28/28 MP: 6/14
  5970 | D:4      | Learned a level 4 spell: Summon Lightning Spire
  6254 | D:2      | Bought a glittering lead ring for 130 gold pieces
  6254 | D:2      | Identified the ring of Moderation {rC++ Will+} (You bought
                  | it in a shop on level 2 of the Dungeon)
  6313 | D:5      | Entered Level 5 of the Dungeon
  6313 | D:5      | Noticed a black bear
  7432 | D:5      | Noticed an ogre
  7436 | D:5      | Noticed Edmund
  7438 | D:5      | Killed an ogre
  7439 | D:5      | Reached skill level 1 in Fighting
  7439 | D:5      | Reached XP level 6. HP: 34/34 MP: 3/16
  7443 | D:5      | Killed Edmund
  7444 | D:5      | Reached skill level 6 in Spellcasting
  7444 | D:5      | Reached skill level 1 in Hexes
  7710 | D:5      | Found a transporter.
  7806 | D:5      | Reached XP level 7. HP: 38/38 MP: 15/18
  7941 | D:5      | Noticed a nameless horror
  7946 | D:5      | Killed a nameless horror
  7949 | D:5      | Noticed Ijyb
  7960 | D:5      | Killed Ijyb
  8346 | D:5      | Reached skill level 7 in Spellcasting
  8738 | D:5      | Found a shadowy altar of Dithmenos.
  8752 | D:5      | Found a staircase to the Ecumenical Temple.
  8769 | Temple   | Entered the Ecumenical Temple
  8774 | Temple   | Became a worshipper of Hepliaklqana the Forgotten
  9206 | D:5      | Found a transporter.
  9219 | D:5      | Noticed Spectrina's ghost (novice DjVM)
  9809 | D:6      | Reached skill level 8 in Spellcasting
  9809 | D:6      | Reached XP level 8. HP: 43/43 MP: 16/22
  9982 | D:6      | Found a white marble altar of Elyvilon.
 10082 | D:6      | Found a snail-covered altar of Cheibriados.
 10343 | D:6      | Reached * piety under Hepliaklqana
 10570 | D:6      | Found a shimmering blue altar of Sif Muna.
 10573 | D:6      | Found a broken altar of Ashenzari.
 10642 | D:6      | Killed from afar by an orc wizard

Illustrated notes

Levels and vault maps discovered:
D:1:      dpeg_arrival_simpleton_b, layout_loops_cross,
          ebering_ecumenical_altar_abandoned
D:2:      minmay_alternating_diamond, layout_basic, serial_shops, shop,
          basic_altar, uniq_sigmund
D:3:      layout_rooms, chequers_serial_rivers_marsh, wad_floor_pattern_1
D:4:      layout_rooms
D:5:      layout_cave_pools, nicolae_dithmenos_through_a_glass_darkly,
          temple_statues, gammafunk_ghost_stat_death, kennysheep_doodads,
          uniq_ijyb, uniq_edmund
D:6:      layout_gridville, nicolae_overflow_hidden_temple,
          mainiacjoe_overflow_alcove_2, slow_altar_2, nicolae_overflow_squiral
Temple:   hellmonk_temple_micro_hex

Skill      XL: |  1  2  3  4  5  6  7 |
---------------+----------------------+-----
Summonings     | 5 6 7 |  7.6
Stealth        | 3 4 |  4.2
Spellcasting   | 4 5 6 8 |  8.6
Short Blades   | 1 |  1.2
Dodging        | 3 |  3.0
Fighting       | 1 |  1.3
Hexes          | 1 2 |  2.7
Air Magic      | |  0.4

Action                   |  1- 3 |  4- 6 |  7- 9 || total
-------------------------+-------+-------+-------++-------
Melee: Unarmed           |     5 |       |       ||     5
       Dagger            |     7 |    19 |     2 ||    28
       Punch             |     1 |       |       ||     1
 Cast: Summon Small Mamm |    48 |    16 |    16 ||    80
       Call Imp          |     3 |     6 |     5 ||    14
       Call Canine Famil |    14 |    14 |    10 ||    38
       Summon Guardian G |       |     8 |    10 ||    18
       Summon Lightning  |       |     1 |     1 ||     2
Invok: Ancestor Identity |       |       |     1 ||     1
  Use: Scroll            |       |       |     3 ||     3
       Potion            |       |       |     1 ||     1
 Stab: Sleeping          |     1 |     1 |       ||     2
Armor: Robe              |    14 |    18 |     1 ||    33
Dodge: Dodged            |    51 |    36 |     6 ||    93

Table legend: (Time is in decaauts)
 A = Elapsed time spent in this place.
 B = Non-inter-level travel time spent in this place.
 C = Inter-level travel time spent in this place.
 D = Time resting spent in this place.
 E = Time spent auto-exploring this place.
 F = Levels seen in this place.
 G = Mean time per level.
                   A        B        C        D        E       F      G
               +--------+--------+--------+--------+--------+-----+--------+
         Total |  10644 |  10436 |    208 |   6460 |   2443 |   7 | 1520.6 |
       Dungeon |  10633 |  10425 |    208 |   6460 |   2443 |   6 | 1772.2 |
        Temple |     10 |     10 |      0 |      0 |      0 |   1 |   10.0 |
               +--------+--------+--------+--------+--------+-----+--------+

Top non-repeatable levels by time:
     D:5: 2539 daAuts
     D:2: 2099 daAuts
     D:1: 1930 daAuts
     D:4: 1585 daAuts
     D:3: 1459 daAuts
     D:6: 1019 daAuts
  Temple: 10 daAuts
